 Dungeon Crawl Stone Soup version 0.27.1-33-g824d729ab1 (webtiles) character file.

Game seed: 1930173616891250965

30 pkoi the Charlatan (level 3, -11/28 HPs)
             Began as a Draconian Artificer on Dec 3, 2021.
             Mangled by an ogre (29 damage)
             ... on level 2 of the Dungeon.
             The game lasted 00:01:58 (1670 turns).

pkoi the Charlatan (Draconian Artificer)            Turns: 1670, Time: 00:02:01

Health: -11/28     AC:  5    Str: 14    XL:     3   Next: 5%
Magic:  0/3        EV: 12    Int: 12    God:
Gold:   51         SH:  0    Dex: 11    Spells: 2/2 levels left

rFire    . . .     SeeInvis .   a - +0 club
rCold    . . .     Faith    .   (no shield)
rNeg     . . .     Spirit   +   (armour unavailable)
rPois    .         Reflect  .   (helmet restricted)
rElec    .         Harm     .   (no cloak)
rCorr    .         Rampage  .   (no gloves)
Will     .....                  (no boots)
Stlth    +.........             j - amulet of guardian spirit
HPRegen  0.09/turn              (no ring)
MPRegen  0.08/turn              (no ring)

@: no status effects
A: AC +5, unfitting armour, cold-blooded
a: no special abilities


You were on level 2 of the Dungeon.
You visited 1 branch of the dungeon, and saw 2 of its levels.

You collected 51 gold pieces.

Inventory:

Hand Weapons
 a - a +0 club (weapon)
Jewellery
 j - an amulet of guardian spirit (around neck)
Wands
 b - a wand of flame (15) (quivered)
 c - a wand of charming (12)
Scrolls
 e - 2 scrolls of vulnerability {unknown}
 f - a scroll of enchant armour {unknown}
 g - 2 scrolls of teleportation {unknown}
 h - a scroll of enchant weapon {unknown}
 i - 2 scrolls of fog {unknown}
 k - a scroll of identify {unknown}
Potions
 l - a potion of cancellation {unknown}
Miscellaneous
 d - a piece from Xom's chessboard (15/15)


   Skills:
 - Level 1.1 Fighting
 - Level 2.1 Dodging
 - Level 0.8 Stealth
 + Level 1.8 Unarmed Combat
 + Level 3.6 Evocations


You had 2 spell levels left.
You didn't know any spells.
Your spell library was empty.

Dungeon Overview and Level Annotations

Branches:
Dungeon (2/15)

Altars:
Beogh

Shops:
D:2 =


Innate Abilities, Weirdness & Mutations

Your plain brown scales are hard. (AC +5)
You cannot fit into any form of body armour.
You are cold-blooded and may be slowed by cold attacks.


Message History

The hobgoblin is moderately wounded.
The hobgoblin hits you.
You closely miss the hobgoblin.
The hobgoblin is moderately wounded.
The hobgoblin hits you. The hobgoblin closely misses you.
You barely miss the hobgoblin.
The hobgoblin is moderately wounded.
The hobgoblin barely misses you.
You barely miss the hobgoblin.
The hobgoblin is moderately wounded.
The hobgoblin barely misses you.
You hit the hobgoblin.
The hobgoblin is heavily wounded.
The hobgoblin hits you. The hobgoblin barely misses you.
You are too injured to fight recklessly!
You are too injured to fight recklessly!
You are too injured to fight recklessly!
You are too injured to fight recklessly!
You are too injured to fight recklessly!
You are too injured to fight recklessly!
You are too injured to fight recklessly!
You are too injured to fight recklessly!
You closely miss the hobgoblin.
The hobgoblin is heavily wounded.
The hobgoblin hits you.
You barely miss the hobgoblin.
The hobgoblin is heavily wounded.
The hobgoblin closely misses you. The hobgoblin closely misses you.
The ogre shouts!
The hobgoblin closely misses you.
Found 8 silver javelins.
The hobgoblin throws a stone.
The stone hits you but does no damage.
Aiming: Charm
Press: ? - help, Shift-Dir - straight line, f - hobgoblin
Aim: a hobgoblin, quivering stones (heavily wounded, chance to affect: 73%)
The hobgoblin struggles to resist.
The ogre hits you with a +0 giant spiked club!!
Ouch! That really hurt!
You die...

###'#### #. #......# #.
#......# #. #......# #.
###'#### #. #......# #.
#.####.###############.
##......................
'.....<@..########.####.
#.....gO..## #....# #.
#.8.....8..# #....# #.
#..........# #....####.
#..........# #.......#.
#..........## #.##.##.#.
#....>......###.##.##.#.
#...........##.....##.#.
..8.$...8...######.##.#.


You could see an ogre and a hobgoblin.

Vanquished Creatures
  2 dart slugs (D:1)
  9 bats
  2 endoplasms (D:1)
  4 goblins
  2 jackals (D:1)
  A quokka (D:1)
  2 frilled lizards (D:2)
  A kobold (D:1)
  A rat (D:2)
24 creatures vanquished.

Vanquished Creatures (collateral kills)
  A jackal (D:1)
  A goblin (D:1)
2 creatures vanquished.

Vanquished Creatures (others)
  A jackal (D:1)
  A ball python (D:1)
2 creatures vanquished.

Grand Total: 28 creatures vanquished

Notes
Turn   | Place    | Note
-------+----------+-------------------------------------------
     0 | D:1      | pkoi the Draconian Artificer began the quest for the Orb.
     0 | D:1      | Reached XP level 1. HP: 16/16 MP: 1/1
   187 | D:1      | Reached skill level 1 in Unarmed Combat
   193 | D:1      | Reached XP level 2. HP: 10/23 MP: 2/2
   648 | D:1      | You fall into a shaft and drop 1 floor!
   699 | D:2      | Found Diteascho's Jewellery Shop.
   794 | D:2      | Noticed an ogre
  1285 | D:1      | Found a faded altar of an unknown god.
  1529 | D:2      | Reached XP level 3. HP: 26/28 MP: 3/3
  1670 | D:2      | Mangled by an ogre

Illustrated notes

Levels and vault maps discovered:
D:1:      dpeg_arrival_rhombi, layout_loops_cross,
          hellmonk_ecumenical_altar_defaced_shrine, minivault_24
D:2:      layout_basic, serial_shops, shop, grunt_decor_fettered, st_stairs_1,
          cheibrodos_gnoll_hut

Skill      XL: |  1 |
---------------+----+-----
Unarmed Combat | 1 |  1.8
Fighting       | |  1.1
Dodging        | |  2.1
Stealth        | |  0.8
Evocations     | |  3.6

Action                   || total
-------------------------++-------
Melee: Club              ||    86
       Tailslap          ||    12
Evoke: Wand              ||     3
 Stab: Sleeping          ||     1
Armor: Skin              ||    30
Dodge: Dodged            ||    88
